 Dungeon Crawl Stone Soup version 0.28.0-53-g5a82cb258f (webtiles) character file.

Game seed: 11428204984399268058

417 acdeimund the Poker (level 6, 0/49 HPs)
             Began as a Merfolk Gladiator on July 27, 2022.
             Was a Believer of Wu Jian.
             Slain by a scorpion (2 damage)
             ... on level 4 of the Dungeon.
             The game lasted 00:13:51 (3624 turns).

acdeimund the Poker (Merfolk Gladiator)             Turns: 3624, Time: 00:13:53

Health: 0/49       AC: 11    Str: 13 (15) XL:     6   Next: 92%
Magic:  6/6        EV:  7    Int:  5 (7)  God:    Wu Jian [**....]
Gold:   160        SH:  3    Dex: 15 (17) Spells: 5/5 levels left

rFire   . . .      SeeInvis .   x - +2 trident (vamp)
rCold   . . .      Faith    .   r - +0 buckler
rNeg    . . .      Spirit   .   i - +1 chain mail {Will+}
rPois   .          Reflect  .   c - +0 helmet
rElec   .          Harm     .   (no cloak)
rCorr   .          Rampage  .   p - +0 pair of gloves
Will    .....                   (no boots)
Stlth   ..........              (no amulet)
HPRegen 0.16/turn               (no ring)
MPRegen 0.10/turn               (no ring)

@: mighty, lethally poisoned (0 -> -4), weak-willed, flying
A: (nimble swimmer 2), mertail
a: Renounce Religion, Wall Jump


You were on level 4 of the Dungeon.
You worshipped Wu Jian.
Wu Jian was pleased with you.
You visited 1 branch of the dungeon, and saw 4 of its levels.

You collected 160 gold pieces.

Inventory:

Hand Weapons
 a - a +0 trident
 x - a +2 vampiric trident (weapon)
Missiles
 d - a throwing net (quivered)
Armour
 c - a +0 helmet (worn)
 i - a +1 chain mail of willpower (worn)
 p - a +0 pair of gloves (worn)
 r - a +0 buckler (worn)
Jewellery
 f - a ring of magical power
 g - a ring of wizardry
Wands
 b - a wand of mindburst (4)
 m - a wand of flame (15)
Scrolls
 n - a scroll of amnesia {unknown}
 q - a scroll of blinking {unknown}
 s - 4 scrolls of identify {unknown}
 v - a scroll of teleportation {unknown}
Potions
 t - a potion of might


   Skills:
 + Level 4.7 Fighting
 * Level 7.3 Polearms
 - Level 2.0 Throwing
 + Level 6.5 Dodging


You had 5 spell levels left.
You didn't know any spells.
Your spell library was empty.

Dungeon Overview and Level Annotations

Branches:
Dungeon (4/15)
 Temple: D:4-7

Altars:
Okawaru
Wu Jian

Annotations:
D:3 1 runed translucent door, Crazy Yiuf


Innate Abilities, Weirdness & Mutations

((You are very nimble when in or above water. (Stealth+, EV+, Speed+++)))
Your lower body shifts to a powerful aquatic tail in water.


Message History

Okay, then.
It was a potion of curing.
You feel better.
The scorpion stings you but does no damage.
The ball python bites you.
* * * LOW HITPOINT WARNING * * *
The ball python constricts you. The adder bites you.
* * * LOW HITPOINT WARNING * * *
It was a potion of might.
You feel very mighty all of a sudden. The scorpion stings you.
* * * LOW HITPOINT WARNING * * *
You are poisoned.
The scorpion poisons you!
The ball python bites you but does no damage.
The ball python constricts you. The adder bites you but does no damage.
You closely miss the ball python.
* * * LOW HITPOINT WARNING * * *
You feel sick. The adder bites you but does no damage.
You block the scorpion's attack.
The ball python bites you but does no damage.
The ball python constricts you. The scorpion stings you.
* * * LOW HITPOINT WARNING * * *
The adder bites you but does no damage.
The ball python bites you but does no damage.
The ball python constricts you.
* * * LOW HITPOINT WARNING * * *
You puncture the ball python!
You kill the ball python!
The Council accepts your kill.
* * * LOW HITPOINT WARNING * * *
You feel sick. The adder bites you but does no damage.
You block the scorpion's attack.
Unknown command.
It was a potion of degeneration.
There was something very wrong with that liquid.
You feel weakened.
You feel dopey.
You feel clumsy.
* * * LOW HITPOINT WARNING * * *
You feel sick. The jelly hits you but does no damage.
The adder barely misses you. The scorpion stings you.
You die...

,*,***** *,*****,,,*
,,,,,,** *,**,,,,,,*
,,,,,,,***,*,,*,,,,*
,,,,,,,,**,*,**,,,,*
,,,,,,,,*,,,,**,,,,*
,.......,,,,,,,,****
..........**######
..........* #..s.#
........#** #..J@#
........# #..S.#
........#####..###
........##.....#
.............###
.........#.###
....(....#.#
...........#
.#........##


You could see a scorpion (weak-willed), a jelly (weak-willed) and an adder
(weak-willed).

Vanquished Creatures
  A howler monkey (D:3)
  2 centaur skeletons (D:3)
  Jessica (D:2)
  Terence (D:3)
  An iguana (D:4)
  Natasha (thrice) (D:2)
  Robin (D:3)
  5 adders
  An ufetubus (D:4)
  A worm (D:3)
  3 dart slugs
  3 orcs (D:3)
  8 ball pythons
  9 bats
  8 endoplasms
  13 giant cockroaches
  15 goblins
  10 hobgoblins
  2 jackals (D:3)
  3 quokkas (D:1)
  A frilled lizard (D:3)
  3 kobolds
  5 rats
100 creatures vanquished.

Notes
Turn   | Place    | Note
-------+----------+-------------------------------------------
     0 | D:1      | acdeimund the Merfolk Gladiator began the quest for the
                  | Orb.
     0 | D:1      | Reached XP level 1. HP: 16/16 MP: 1/1
   229 | D:1      | Reached XP level 2. HP: 23/23 MP: 2/2
   623 | D:1      | Reached XP level 3. HP: 27/28 MP: 3/3
   658 | D:1      | Reached skill level 5 in Polearms
   776 | D:1      | Found a faded altar of an unknown god.
  1185 | D:2      | Noticed Natasha
  1394 | D:2      | Killed Natasha
  1395 | D:2      | Reached skill level 5 in Dodging
  1395 | D:2      | Reached XP level 4. HP: 30/35 MP: 4/4
  1468 | D:2      | Noticed Jessica
  1483 | D:2      | Killed Jessica
  1756 | D:2      | Noticed Natasha
  1765 | D:2      | Killed Natasha
  1766 | D:2      | Reached XP level 5. HP: 16/42 MP: 5/5
  1838 | D:2      | Noticed Natasha
  1936 | D:2      | Killed Natasha
  1937 | D:2      | Reached skill level 6 in Polearms
  2121 | D:2      | Found an ornate altar of the Wu Jian Council.
  2136 | D:2      | Became a worshipper of the Wu Jian Council
  2414 | D:3      | Found an iron altar of Okawaru.
  2471 | D:3      | Reached XP level 6. HP: 46/48 MP: 6/6
  2665 | D:3      | Noticed Robin
  2717 | D:3      | Reached * piety under Wu Jian
  2958 | D:3      | Noticed Terence
  2973 | D:3      | Killed Robin
  3074 | D:3      | Killed Terence
  3243 | D:3      | Reached skill level 7 in Polearms
  3405 | D:3      | Found a runed translucent door.
  3406 | D:3      | Noticed Crazy Yiuf
  3568 | D:4      | Reached ** piety under Wu Jian
  3624 | D:4      | HP: 2/49 [poisoned by a scorpion]
  3624 | D:4      | Slain by a scorpion

Illustrated notes

Levels and vault maps discovered:
D:1:      tarquinn_simple_flora_water_d, layout_basic,
          dilly_ecumenical_altar_fadedgnrine, nrook_loot_triangle, minivault_5,
          minivault_5
D:2:      layout_basic, basic_altar, uniq_jessica, uniq_natasha
D:3:      minmay_roachtagon, layout_basic, okawaru_ov_weapons_minmay,
          grunt_ministairs_3, hangedman_feature_mirror, uniq_terence,
          uniq_crazy_yiuf_cottage, uniq_robin
D:4:      layout_rooms, elyvilon_altar_3, nicolae_wu_jian_immortal_techniques,
          nicolae_yredelemnul_ghost_church, uniq_sigmund

Skill      XL: |  1  2  3  4  5  6 |
---------------+-------------------+-----
Polearms       | 5 6 7 |  7.3
Fighting       | 3 4 |  4.7
Dodging        | 5 6 |  6.5
Throwing       | |  2.0

Action                   |  1- 3 |  4- 6 || total
-------------------------+-------+-------++-------
Melee: Trident           |    94 |   269 ||   363
       Punch             |     2 |     5 ||     7
Throw: Throwing net      |     1 |     7 ||     8
Invok: Lunge             |       |    14 ||    14
       Whirlwind         |       |     4 ||     4
  Use: Potion            |       |     4 ||     4
       Scroll            |       |     3 ||     3
 Stab: Sleeping          |     1 |       ||     1
       Held in net/web   |     2 |     3 ||     5
Armor: Leather armour    |    22 |       ||    22
       Chain mail        |    22 |   158 ||   180
Dodge: Dodged            |    47 |   104 ||   151
Block: Buckler           |       |    15 ||    15
